 Dungeon Crawl Stone Soup version 0.30-a0-341-g682706514a (webtiles) character file.

Game seed: 12490039489136297964

93 koil the Ruffian (level 4, -1/36 HPs)
             Began as a Draconian Transmuter on Nov 4, 2022.
             Slain by a goblin
             ... wielding a +0 dagger
             ... led by Robin
              (3 damage)
             ... on level 2 of the Dungeon.
             The game lasted 00:03:46 (1603 turns).

koil the Ruffian (Draconian Transmuter)             Turns: 1603, Time: 00:03:51

Health: -1/36      AC:  5    Str: 14    XL:     4   Next: 37%
Magic:  7/7        EV: 12    Int: 14    God:
Gold:   80         SH:  0    Dex: 11    Spells: 5/8 levels left

rFire   . . .      SeeInvis .      - Unarmed
rCold   . . .      Faith    .    (no shield)
rNeg    . . .      Spirit   .    (body armour unavailable)
rPois   .          Reflect  .    (helmet restricted)
rElec   .          Harm     .    (no cloak)
rCorr   .          Rampage  .    (no gloves)
Will    .....                    (no boots)
Stlth   +.........               (no amulet)
HPRegen 0.26/turn                (no ring)
MPRegen 0.10/turn                (no ring)

@: no status effects
A: AC +5, unfitting armour, cold-blooded
a: no special abilities


You were on level 2 of the Dungeon.
You visited 1 branch of the dungeon, and saw 3 of its levels.

You collected 80 gold pieces.

Inventory:

Hand Weapons
 e - a +2 dagger of venom
 m - a +0 dagger of electrocution
 n - a +2 dagger of venom
Magical Staves
 b - a staff of earth
Jewellery
 l - a ring of see invisible
Scrolls
 c - a scroll of teleportation {unknown}
 d - a scroll of silence {unknown}
 g - a scroll of immolation {unknown}
 h - 2 scrolls of identify {unknown}
 i - a scroll of fog {unknown}
 j - a scroll of magic mapping {unknown}
Potions
 a - a potion of lignification
 k - a potion of flight {unknown}


   Skills:
 + Level 2.1 Fighting
 + Level 2.4 Dodging
 + Level 3.5 Unarmed Combat
 + Level 2.6 Spellcasting
 + Level 2.7 Transmutations


You had 5 spell levels left.
You knew the following spells:

 Your Spells              Type           Power      Damage    Failure   Level
a - Beastly Appendage     Tmut           18%        N/A       8%          1
b - Wereblood             Tmut           9%         N/A       11%         2

Your spell library contained the following spells:

 Spells                   Type           Power      Damage    Failure   Level
 Spider Form              Tmut/Pois      5%         N/A       36%         3
 Ice Form                 Ice/Tmut       5%         N/A       77%         4


Dungeon Overview and Level Annotations

Branches:
Dungeon (3/15)

Altars:
Wu Jian

Shops:
D:2 =

Annotations:
D:3 Robin


Innate Abilities, Weirdness & Mutations

Your plain brown scales are hard. (AC +5)
You cannot fit into any form of body armour.
You are cold-blooded and may be slowed by cold attacks.


Message History

The hobgoblin hits you but does no damage.
The goblin closely misses you. The orc priest misses you.
The goblin completely misses you.
You hit the orc priest.
You kill the orc priest!
The hobgoblin hits you. The goblin completely misses you.
The goblin closely misses you.
You have reached level 4!
You feel clever.
You barely miss the goblin.
You headbutt the goblin, but do no damage.
The hobgoblin barely misses you. The goblin hits you with a +0 club.
The goblin hits you but does no damage.
You hit the goblin. Your kick misses the goblin.
Your headbutt misses the goblin.
You tail-slap the goblin, but do no damage.
The goblin is severely wounded.
The hobgoblin hits you.
* * * LOW HITPOINT WARNING * * *
The goblin closely misses you. The goblin hits you but does no damage.
You barely miss the goblin.
The goblin is severely wounded.
The hobgoblin hits you.
* * * LOW HITPOINT WARNING * * *
The goblin closely misses you. The goblin hits you but does no damage.
You closely miss the goblin. Your kick misses the goblin.
The goblin is severely wounded.
The hobgoblin hits you but does no damage.
The goblin hits you with a +0 club.
* * * LOW HITPOINT WARNING * * *
The goblin hits you with a +0 dagger.
* * * LOW HITPOINT WARNING * * *
It was a potion of cancellation.
Your magical effects are unravelling.
You feel magically purged.
Your horns disappear.
Your talons disappear.
The hobgoblin hits you.
* * * LOW HITPOINT WARNING * * *
The goblin barely misses you. The goblin hits you with a +0 dagger.
You die...

#.........#
#.........#
#.........#
#.........#
###########.........#
##..................##
...######..........<.#
#######...##...gg....#
#.....####...g@....#
###.##### #...†))...#
....# #.........#
.#### ##.......## ##
##.....## #######
######### #.......#
#.......#


You could see a hobgoblin and 2 goblins.

Vanquished Creatures
  An orc priest (D:2)
  2 adders (D:2)
  8 bats
  5 endoplasms
  2 giant cockroaches (D:1)
  8 goblins
  2 hobgoblins (D:2)
  A quokka (D:1)
  5 ball pythons
  4 frilled lizards
  5 kobolds
  2 rats
45 creatures vanquished.

Notes
Turn   | Place    | Note
-------+----------+-------------------------------------------
     0 | D:1      | koil the Draconian Transmuter began the quest for the Orb.
     0 | D:1      | Reached XP level 1. HP: 16/16 MP: 3/3
   306 | D:1      | Reached XP level 2. HP: 23/23 MP: 3/5
   366 | D:1      | Learned a level 2 spell: Wereblood
   857 | D:2      | Found Qycurphimn's Jewellery Emporium.
   955 | D:2      | Reached XP level 3. HP: 25/29 MP: 4/6
  1004 | D:2      | Found an ornate altar of the Wu Jian Council.
  1440 | D:3      | Noticed Robin
  1599 | D:2      | Reached XP level 4. HP: 15/36 MP: 7/7
  1603 | D:2      | Slain by a goblin

Illustrated notes

Levels and vault maps discovered:
D:1:      heliophobic_arrival_henge, layout_basic
D:2:      layout_rooms, serial_shops, nicolae_shop_hallway_stairs, basic_altar
D:3:      minmay_octagon_keep, layout_rooms, mainiacjoe_overflow_chevrons,
          lemuel_flame_loot_1, uniq_robin

Skill      XL: |  1  2  3 |
---------------+----------+-----
Dodging        | 2 |  2.4
Fighting       | 2 |  2.1
Unarmed Combat | |  3.5
Spellcasting   | |  2.6
Transmutations | |  2.7

Action                   |  1- 3 |  4- 6 || total
-------------------------+-------+-------++-------
Melee: Unarmed           |   122 |     4 ||   126
       Kick              |    11 |       ||    11
       Punch             |     1 |       ||     1
       Tailslap          |     8 |     1 ||     9
       Headbutt          |     7 |     1 ||     8
 Cast: Beastly Appendage |    14 |       ||    14
  Use: Potion            |       |     1 ||     1
Armor: Skin              |    46 |     4 ||    50
Dodge: Dodged            |   106 |     4 ||   110

Table legend: (Time is in decaauts)
 A = Elapsed time spent in this place.
 B = Non-inter-level travel time spent in this place.
 C = Inter-level travel time spent in this place.
 D = Time resting spent in this place.
 E = Time spent auto-exploring this place.
 F = Levels seen in this place.
 G = Mean time per level.
                   A        B        C        D        E       F      G
               +--------+--------+--------+--------+--------+-----+--------+
         Total |   1599 |   1552 |     47 |     97 |   1145 |   3 |  533.0 |
       Dungeon |   1599 |   1552 |     47 |     97 |   1145 |   3 |  533.0 |
               +--------+--------+--------+--------+--------+-----+--------+

Top non-repeatable levels by time:
     D:1: 856 daAuts
     D:2: 718 daAuts
     D:3: 24 daAuts
